 Dungeon Crawl Stone Soup version 0.31.0-11-ge490571c62 (webtiles) character file.

Game seed: 2337812406048790600

1782 qw the Skirmisher (level 8, -5/45 (46) HPs)
             Began as a Deep Elf Hunter on Feb 3, 2024.
             Was a Priest of Okawaru.
             Killed from afar by an orc wizard (6 damage)
             ... with a magic dart
             ... on level 7 of the Dungeon.
             The game lasted 00:00:28 (5692 turns).

qw the Skirmisher (Deep Elf Hunter)                 Turns: 5692, Time: 00:00:29

HP:   -5/45 (46)    AC: 11    Str: 10    XL:     8   Next: 81%
MP:   13/13         EV: 12    Int: 15    God:    Okawaru [***...]
Gold: 301           SH:  0    Dex: 18    Spells: 7/7 levels left

rFire   . . .        a - +0 shortbow
rCold   . . .        (shield currently unavailable)
rNeg    . . .        n - +3 ring mail
rPois   .            (no helmet)
rElec   .            (no cloak)
rCorr   .            l - +2 pair of gloves
SInv    .            (no boots)
Will    .....        f - amulet of the acrobat
Stlth   +            (no ring)
HPRegen 0.27/turn    (no ring)
MPRegen 0.13/turn

%: acrobat
@: lethally poisoned (-5 -> -10), lightly drained
A: no striking features
a: Renounce Religion, Heroism


You were on level 7 of the Dungeon.
You worshipped Okawaru.
Okawaru was most pleased with you.
You visited 1 branch of the dungeon, and saw 7 of its levels.

You collected 301 gold pieces.


   Skills:
 - Level 3.1 Fighting
 + Level 13.4 Ranged Weapons
 - Level 1.0 Armour
 - Level 4.1 Dodging
 - Level 1.2 Stealth
 - Level 4.1 Invocations


You had 7 spell levels left.
You didn't know any spells.
Your spell library was empty.

Inventory:

Hand Weapons
 a - a +0 shortbow (weapon)
Armour
 l - a +2 pair of gloves (worn)
 n - a +3 ring mail (worn)
Jewellery
 f - an amulet of the acrobat (around neck)
Wands
 b - a wand of flame (9)
 k - a wand of roots (6)
Scrolls
 g - 2 scrolls of identify
Potions
 c - 3 potions of curing
 d - 2 potions of cancellation
 e - a potion of might {unknown}
 i - 2 potions of haste
 m - a potion of enlightenment

Dungeon Overview and Level Annotations

Branches:
Dungeon (7/15)             Temple (0/1) D:4

Altars:
Cheibriados
Elyvilon
Makhleb
Okawaru
Uskayaw
Zin
The Shining One

Annotations:
D:4 1 runed translucent door, Crazy Yiuf


Message History

The orc wizard's wounds heal themselves!
You shoot an arrow.
The arrow closely misses the water moccasin.
The arrow hits the orc priest.
The orc priest is almost dead.
You feel sick. The water moccasin bites you.
You are more poisoned.
The water moccasin poisons you!
The water moccasin bites you but does no damage.
You shoot an arrow. The arrow hits the water moccasin.
The water moccasin is heavily wounded.
You feel very sick.
The water moccasin bites you but does no damage.
You shoot an arrow. The arrow hits the water moccasin!
The water moccasin is severely wounded.
You feel very sick. The water moccasin barely misses you.
You shoot an arrow.
The arrow closely misses the water moccasin.
The arrow hits the orc priest but does no damage.
The orc priest is almost dead.
You feel very sick.
The water moccasin bites you but does no damage.
You shoot an arrow. The arrow misses the water moccasin.
The arrow closely misses the orc priest.
You feel sick.
The water moccasin bites you but does no damage.
The orc priest mumbles some strange prayers to Beogh against you.
Beogh smites you!
You shoot an arrow.
The arrow barely misses the water moccasin.
The arrow barely misses the orc priest.
You feel sick.
The water moccasin closely misses you. x2
You shoot an arrow. The arrow hits the water moccasin!
You kill the water moccasin!
Okawaru accepts your kill.
You feel sick.
The orc wizard points at you and mumbles some strange words.
The magic dart hits you.
You die...

###############
..............########
......................
#######........#
#......#.##
#......#..###
#......##.@.#
#......####%# #......#


oo# #......# #?.# .......# ..)# ..... .#.## _..# You could see an orc priest and
an orc wizard.

Vanquished Creatures
  Grinder (D:3)
  3 water moccasins
  An ice beast (D:5)
  2 lemures (D:4)
  3 phantoms
  Blork the orc (D:4)
  A scorpion (D:5)
  5 wights (D:6)
  A howler monkey (D:4)
  A crimson imp (D:6)
  A jelly (D:4)
  2 hounds
  8 iguanas
  Natasha (D:3)
  11 adders
  9 gnolls
  A shadow imp (D:6)
  A white imp (D:5)
  2 ufetubi (D:5)
  4 dart slugs
  8 orcs
  2 endoplasms
  2 giant cockroaches
  4 goblins
  11 hobgoblins
  3 jackals (D:2)
  5 quokkas
  8 ball pythons
  8 bats
  2 frilled lizards (D:3)
  5 kobolds
  2 rats (D:3)
119 creatures vanquished.

Notes
Turn   | Place    | Note
-------+----------+-------------------------------------------
     0 | D:1      | qw the Deep Elf Hunter began the quest for the Orb.
     0 | D:1      | Reached XP level 1. HP: 12/12 MP: 3/3
     0 | D:1      | 0 ||| qw: Version: 0.3-a-157-g843a77d
     0 | D:1      | 0 ||| qw: Game counter: 3741
     0 | D:1      | 0 ||| qw: Melee chars always use a shield: true
     0 | D:1      | 0 ||| qw: God list: Okawaru
     0 | D:1      | 0 ||| qw: Allow faded altars: false
     0 | D:1      | 0 ||| qw: Do Orc after clearing Dungeon:15 true
     0 | D:1      | 0 ||| qw: Do second Lair branch before Depths: true
     0 | D:1      | 0 ||| qw: Lair rune preference: random
     0 | D:1      | 0 ||| qw: Goals: Normal
     0 | D:1      | 0 ||| PLANNING D:1-11
   141 | D:1      | Reached skill level 6 in Ranged Weapons
   141 | D:1      | Reached XP level 2. HP: 16/16 MP: 4/4
   287 | D:1      | Found a faded altar of an unknown god.
   467 | D:1      | 467 ||| UPGRADING to +0 pair of gloves.
   472 | D:1      | 472 ||| UPGRADING to +1 pair of gloves.
   482 | D:1      | 482 ||| DROPPING +0 pair of gloves.
   483 | D:1      | 483 ||| UPGRADING to +0 ring mail.
   493 | D:1      | 493 ||| DROPPING +0 leather armour.
   494 | D:1      | 494 ||| READING 2 scrolls labelled SIUX BOEQUPTU.
   494 | D:1      | 494 ||| IDENTIFYING inky potion
   495 | D:1      | 495 ||| READING scroll of identify.
   495 | D:1      | 495 ||| IDENTIFYING yellow potion
   496 | D:1      | 496 ||| READING scroll labelled GAJEPUGE EDGHIRR.
   499 | D:1      | 499 ||| READING 2 scrolls labelled XAARIAH DE GATS.
   500 | D:1      | 500 ||| READING scroll labelled ASTROT AQUPHAF.
   501 | D:1      | 501 ||| READING 4 scrolls labelled OGITOE XOIRI.
   501 | D:1      | 501 ||| ENCHANTING +1 pair of gloves.
   502 | D:1      | 502 ||| READING 3 scrolls of enchant armour.
   502 | D:1      | 502 ||| ENCHANTING +0 ring mail.
   503 | D:1      | 503 ||| READING 2 scrolls of enchant armour.
   503 | D:1      | 503 ||| ENCHANTING +1 ring mail.
   504 | D:1      | 504 ||| READING scroll of enchant armour.
   504 | D:1      | 504 ||| ENCHANTING +2 ring mail.
   505 | D:1      | 505 ||| DROPPING scroll of butterflies.
   506 | D:1      | 506 ||| DROPPING scroll of immolation.
   571 | D:2      | 571 ||| FLEEEEING.
   716 | D:2      | Reached XP level 3. HP: 20/20 MP: 5/5
   981 | D:2      | Reached skill level 7 in Ranged Weapons
   985 | D:2      | Found an iron altar of Okawaru.
   986 | D:2      | 986 ||| PLANNING OKAWARU WORSHIP
   986 | D:2      | 986 ||| UPGRADING to amulet of the acrobat.
   991 | D:2      | 991 ||| READING scroll labelled MOGANI KEXTICH.
   992 | D:2      | 992 ||| READING scroll labelled RIP YLENUP OCH.
   993 | D:2      | 993 ||| READING scroll labelled DYXERAL AKKUXT.
   994 | D:2      | 994 ||| DRINKING 2 white potions.
  1003 | D:2      | Became a worshipper of Warmaster Okawaru
  1004 | D:2      | 1004 ||| PLANNING D:1-11
  1423 | D:2      | 1423 ||| READING scroll of identify.
  1423 | D:2      | 1423 ||| IDENTIFYING red potion
  1424 | D:2      | 1424 ||| DROPPING potion of degeneration.
  1735 | D:3      | Reached XP level 4. HP: 18/25 MP: 6/6
  1902 | D:3      | HP: 4/25 [gnoll/+0 spear (6)]
  1903 | D:3      | Reached skill level 8 in Ranged Weapons
  2034 | D:3      | Found a glowing silver altar of Zin.
  2034 | D:3      | Found a white marble altar of Elyvilon.
  2034 | D:3      | Found a glowing golden altar of the Shining One.
  2206 | D:3      | Noticed Natasha
  2211 | D:3      | 2211 ||| DRINKING potion of haste.
  2218 | D:3      | Killed Natasha
  2219 | D:3      | Reached XP level 5. HP: 18/29 MP: 7/7
  2277 | D:3      | Noticed Grinder
  2278 | D:3      | 2278 ||| ZAPPING wand of flame (24) at 0,6 (Grinder;
                  | floor).
  2279 | D:3      | 2279 ||| ZAPPING wand of flame (23) at 0,5 (Grinder;
                  | floor).
  2282 | D:3      | 2282 ||| ZAPPING wand of flame (22) at 4,5 (Grinder;
                  | floor).
  2283 | D:3      | 2283 ||| ZAPPING wand of flame (21) at 3,4 (Grinder;
                  | floor).
  2284 | D:3      | 2284 ||| ZAPPING wand of flame (20) at 3,3 (Grinder;
                  | floor).
  2284 | D:3      | Paralysed by Grinder for 3 turns
  2287 | D:3      | 2287 ||| ZAPPING wand of flame (19) at 2,2 (Grinder;
                  | floor).
  2288 | D:3      | 2288 ||| ZAPPING wand of flame (18) at 1,1 (Grinder;
                  | floor).
  2289 | D:3      | 2289 ||| ZAPPING wand of flame (17) at 1,1 (Grinder;
                  | floor).
  2290 | D:3      | 2290 ||| ZAPPING wand of flame (16) at 6,1 (Grinder;
                  | floor).
  2291 | D:3      | 2291 ||| ZAPPING wand of flame (15) at 7,-4 (Grinder;
                  | floor).
  2292 | D:3      | 2292 ||| ZAPPING wand of flame (14) at 6,-4 (Grinder;
                  | floor).
  2293 | D:3      | 2293 ||| ZAPPING wand of flame (13) at 5,-3 (Grinder;
                  | floor).
  2294 | D:3      | 2294 ||| ZAPPING wand of flame (12) at 4,-3 (Grinder;
                  | floor).
  2295 | D:3      | 2295 ||| ZAPPING wand of flame (11) at 3,-2 (Grinder;
                  | floor).
  2296 | D:3      | 2296 ||| ZAPPING wand of flame (10) at -2,-4 (Grinder;
                  | floor).
  2296 | D:3      | Killed Grinder
  2296 | D:3      | Reached * piety under Okawaru
  2297 | D:3      | Reached skill level 10 in Ranged Weapons
  2297 | D:3      | Reached XP level 6. HP: 34/34 MP: 8/8
  2536 | D:3      | Found a snail-covered altar of Cheibriados.
  2537 | D:3      | 2537 ||| DROPPING amulet of magic regeneration.
  2538 | D:3      | 2538 ||| READING scroll of identify.
  2538 | D:3      | 2538 ||| IDENTIFYING orange potion
  2539 | D:3      | 2539 ||| DRINKING 3 fizzy brown potions.
  2648 | D:4      | Reached skill level 1 in Invocations
  2651 | D:4      | Noticed Blork the orc
  2662 | D:4      | Killed Blork the orc
  2663 | D:4      | Reached skill level 3 in Dodging
  2676 | D:4      | 2676 ||| FLEEEEING.
  2677 | D:4      | 2677 ||| FLEEEEING.
  2678 | D:4      | 2678 ||| FLEEEEING.
  2682 | D:4      | 2682 ||| FLEEEEING.
  2683 | D:4      | 2683 ||| FLEEEEING.
  2684 | D:4      | 2684 ||| FLEEEEING.
  2685 | D:4      | 2685 ||| FLEEEEING.
  2792 | D:4      | Reached XP level 7. HP: 40/40 MP: 10/10
  3008 | D:4      | Reached skill level 1 in Armour
  3055 | D:4      | Reached skill level 3 in Invocations
  3120 | D:4      | Found a staircase to the Ecumenical Temple.
  3454 | D:4      | Found a runed translucent door.
  3455 | D:4      | Noticed Crazy Yiuf
  3546 | D:4      | 3546 ||| DROPPING ring of magical power.
  3579 | D:5      | Entered Level 5 of the Dungeon
  3609 | D:5      | Reached ** piety under Okawaru
  3824 | D:5      | HP: 10/40 [ice beast (8)]
  3825 | D:5      | 3825 ||| READING scroll of teleportation.
  3826 | D:5      | 3826 ||| DRINKING 2 potions of heal wounds.
  3918 | D:5      | Found a hide-covered altar of Uskayaw.
  3958 | D:5      | Reached skill level 11 in Ranged Weapons
  4048 | D:5      | Identified the +1 scale mail of Insatiable Hunger {Str+2}
  4141 | D:5      | Reached XP level 8. HP: 32/44 MP: 13/13
  4470 | D:5      | 4470 ||| DROPPING +1 scale mail of Insatiable Hunger
                  | {Str+2}.
  4471 | D:5      | 4471 ||| READING 4 scrolls of identify.
  4471 | D:5      | 4471 ||| IDENTIFYING metallic ruby potion
  4472 | D:5      | 4472 ||| DROPPING potion of berserk rage.
  4524 | D:6      | Reached skill level 12 in Ranged Weapons
  4615 | D:6      | Reached *** piety under Okawaru
  4737 | D:6      | Reached skill level 3 in Fighting
  5011 | D:6      | HP: 5/42 [wight/+4 battleaxe (9)]
  5012 | D:6      | 5012 ||| READING scroll of teleportation.
  5013 | D:6      | 5013 ||| DRINKING potion of heal wounds.
  5157 | D:6      | Reached skill level 13 in Ranged Weapons
  5265 | D:6      | HP: 10/44 [wight/+4 falchion (10)]
  5512 | D:6      | Found a burning altar of Makhleb.
  5614 | D:6      | 5614 ||| READING 3 scrolls of identify.
  5614 | D:6      | 5614 ||| IDENTIFYING clear potion
  5615 | D:6      | 5615 ||| DROPPING potion of lignification.
  5675 | D:7      | Found an iron altar of Okawaru.
  5690 | D:7      | HP: 4/45 [orc priest/divine providence (12)]
  5692 | D:7      | HP: 1/45 [poisoned by a water moccasin]
  5692 | D:7      | Killed from afar by an orc wizard

Levels and vault maps discovered:
D:1:      co_arrival_random_square_maze, layout_rooms,
          ebering_ecumenical_altar_petrified, minmay_tripent
D:2:      minmay_inner_zag, layout_loops_corners, basic_altar
D:3:      minmay_wonky_spiral, layout_loops_cross, good_gods_mini_temple,
          chei_slow_surprise, nicolae_half_adder, uniq_grinder, uniq_natasha
D:4:      layout_basic, minmay_temple_entry_hall, uniq_pikel,
          uniq_crazy_yiuf_cottage, uniq_blork_the_orc
D:5:      layout_gridville, nicolae_uskayaw_suspiria, hex_medium,
          roderic_lattice_a
D:6:      layout_loops_ring, makhleb_grotto_becter
D:7:      layout_basic, lemuel_tele_altar, okawaru_metal_pillars_1_2,
          mainiacjoe_overflow_tiny_flanked, uniq_joseph

Skill      XL: |  1  2  3  4  5  6  7  8 |
---------------+-------------------------+-----
Ranged Weapons | 6 7 8 10 11 13 | 13.4
Invocations    | 2 4 |  4.1
Fighting       | 2 3 |  3.1
Dodging        | 3 4 |  4.1
Armour         | 1 |  1.0
Stealth        | |  1.2

Action                     |  1- 3 |  4- 6 |  7- 9 || total
---------------------------+-------+-------+-------++-------
   Fire: Shortbow          |   102 |   110 |   379 ||   591
  Evoke: Wand              |       |    15 |       ||    15
    Use: Scroll            |    13 |     1 |     4 ||    18
         Potion            |     1 |     2 |     2 ||     5
 Armour: Ring mail         |    31 |    44 |   153 ||   228
         Leather armour    |     1 |       |       ||     1
  Dodge: Dodged            |    29 |    37 |   104 ||   170

Table legend:
 A = Non-vault XP
 B = Vault XP
 C = Vault XP percentage of total XP
 D = Non-vault monster count
 E = Vault monster count
 F = Vault count percentage of total count
                 A         B        C        D         E       F
            +---------+---------+-------+---------+---------+-------
      Total |    2169 |     517 |  19.2 |     101 |      16 |  13.7
            +---------+---------+-------+---------+---------+-------
        D:1 |      18 |       3 |  14.3 |      10 |       2 |  16.7
        D:2 |      36 |      18 |  33.3 |      13 |       3 |  18.8
        D:3 |      81 |     350 |  81.2 |      18 |       9 |  33.3
        D:4 |     288 |      96 |  25.0 |      22 |       1 |   4.3
        D:5 |     666 |       0 |   0.0 |      17 |       0 |   0.0
        D:6 |     937 |      50 |   5.1 |      19 |       1 |   5.0
        D:7 |     143 |       0 |   0.0 |       2 |       0 |   0.0
            +---------+---------+-------+---------+---------+-------
